 Dungeon Crawl Stone Soup version 0.29.1-1-gd02db69 (webtiles) character file.

Game seed: 9260958810176245662

2417 Timinator the Nimble (level 9, -1/74 HPs)
             Began as a Gnoll Monk on Jan 15, 2023.
             Was a Priest of Nemelex Xobeh.
             Slain by a wight
             ... wielding a +3 scimitar
              (10 damage)
             ... on level 6 of the Dungeon.
             The game lasted 00:17:10 (5314 turns).

Timinator the Nimble (Gnoll Monk)                   Turns: 5314, Time: 00:17:11

Health: -1/74      AC:  6    Str: 11    XL:     9   Next: 47%
Magic:  15/15      EV: 15    Int: 10    God:    Nemelex Xobeh [***...]
Gold:   274        SH:  5    Dex: 18    Spells: 16/16 levels left

rFire   . . .      SeeInvis .   r - +2 short sword (elec)
rCold   . . .      Faith    .   (no shield)
rNeg    . . .      Spirit   .   d - +0 ring mail
rPois   .          Reflect  +   (no helmet)
rElec   .          Harm     .   (no cloak)
rCorr   .          Rampage  .   (no gloves)
Will    .....                   (no boots)
Stlth   +++.......              v - amulet of reflection
HPRegen 0.22/turn               (no ring)
MPRegen 0.14/turn               (no ring)

@: mighty, studying 2 skills
A: fangs 1, strong nose, distributed training
a: Renounce Religion, Draw Escape, Draw Destruction, Draw Summoning, Triple Draw


You were on level 6 of the Dungeon.
You worshipped Nemelex Xobeh.
Nemelex Xobeh was most pleased with you.
You visited 1 branch of the dungeon, and saw 6 of its levels.

You collected 300 gold pieces.
You spent 26 gold pieces at shops.

Inventory:

Hand Weapons
 f - a +1 dagger of protection
 r - a +2 short sword of electrocution (weapon)
 u - a +1 dagger of holy wrath
Missiles
 s - 3 poisoned darts (quivered)
 t - 5 javelins
Armour
 d - a +0 ring mail (worn)
Jewellery
 v - an amulet of reflection (around neck)
 y - a ring of protection from fire
Wands
 w - a wand of polymorph (11)
 B - a wand of digging (7)
Scrolls
 a - 6 scrolls of teleportation
 i - 2 scrolls of butterflies
 k - 2 scrolls of enchant weapon {unknown}
 n - a scroll of magic mapping {unknown}
 q - 2 scrolls of fear {unknown}
 x - a scroll of vulnerability {unknown}
Potions
 b - a potion of might
 c - 2 potions of ambrosia
 e - 2 potions of flight
 h - 2 potions of curing
 j - a potion of brilliance
 l - a potion of mutation
 z - 3 potions of attraction


   Skills:
 + Level 8.0 Fighting
 + Level 8.0 Short Blades
 + Level 4.4 Long Blades
 + Level 4.4 Axes
 + Level 4.4 Maces & Flails
 + Level 4.4 Polearms
 + Level 4.4 Staves
 + Level 4.7 Ranged Weapons
 + Level 4.4 Throwing
 + Level 4.4 Armour
 + Level 8.4 Dodging
 + Level 6.2 Stealth
 + Level 4.4 Shields
 + Level 4.4 Unarmed Combat
 + Level 4.4 Spellcasting
 + Level 3.6 Conjurations
 + Level 3.6 Hexes
 + Level 3.6 Summonings
 + Level 3.6 Necromancy
 + Level 3.6 Translocations
 + Level 3.6 Transmutations
 + Level 3.6 Fire Magic
 + Level 3.6 Ice Magic
 + Level 3.6 Air Magic
 + Level 3.6 Earth Magic
 + Level 3.6 Poison Magic
 + Level 4.9 Invocations
 + Level 4.4 Evocations


You had 16 spell levels left.
You didn't know any spells.
Your spell library contained the following spells:

 Spells                   Type           Power      Damage    Failure   Level
 Apportation              Tloc           18%        N/A       12%         1
 Necrotise                Necr           36%        1d5       12%         1
 Summon Small Mammal      Summ           36%        N/A       12%         1
 Inner Flame              Hex/Fire       9%         N/A       34%         3
 Cause Fear               Hex            4%         N/A       75%         4
 Discord                  Hex            4%         N/A       100%        8


Dungeon Overview and Level Annotations

Branches:
Dungeon (6/15)             Temple (0/1) D:4

Altars:
Ashenzari
Cheibriados
Elyvilon
Kikubaaqudgha
Nemelex Xobeh
Sif Muna
Trog
Vehumet
Xom

Shops:
D:2 *


Innate Abilities, Weirdness & Mutations

You have very sharp teeth.
Your uncanny sense of smell can sniff out nearby items.
Your experience applies equally to all skills.


Message History

The phantom hits you.
The phantom blinks!
You blink. 3 wights come into view.
A wight comes into view. It is wielding a +4 morningstar.
You hit the phantom. Lightning courses through the phantom!
You destroy the phantom!
You feel very mighty all of a sudden. The wight hits you with a +0 hand axe!
You completely miss the wight. You punch the wight! You bite the wight.
The wight is heavily damaged.
The wight hits you with a +2 hand axe of flaming!
* * * LOW HITPOINT WARNING * * *
You feel drained.
* * * LOW HITPOINT WARNING * * *
The wight burns you.
* * * LOW HITPOINT WARNING * * *
You block the wight's attack.
You hit the wight but do no damage. Lightning courses through the wight!!
You destroy the wight!
Your Fighting skill increases to level 8!
Your Short Blades skill increases to level 8!
You puncture the wight! Lightning courses through the wight!
You destroy the wight!
Your life force feels restored.
You puncture the wight!
The wight is almost destroyed.
You hit the wight.
You destroy the wight!
You barely miss the wight.
You are no longer corroded.
You block the wight's attack.
You closely miss the wight. You hit the wight.
The wight is lightly damaged.
The wight hits you with a +3 scimitar.
* * * LOW HITPOINT WARNING * * *
You puncture the wight!
The wight is severely damaged.
The wight hits you with a +3 scimitar!
You die...
Your body disappears without a glow.

####### #.....#######
###...........#######.
......................
###.........)..)......
#.......#......#.....#
#.......#......#.z...#.#
#.....###......####....#
##########.....)@zz.##
...#.......########..#
.#.#.####### ... ...#.#
. .###.# .....# ######


You could see 2 wights.

Vanquished Creatures
  An unseen horror (D:5)
  An acid dragon (D:6)
  An orc warrior (D:5)
  2 ice beasts (D:6)
  A sky beast (D:6)
  4 ogres
  2 phantoms
  A bullfrog (D:6)
  2 scorpions
  2 necrophages (D:5)
  A gnoll sergeant (D:6)
  3 wights (D:6)
  2 howler monkeys
  3 crimson imps (D:3)
  A jelly (D:5)
  5 hounds
  2 iguanas (D:4)
  4 gnolls (D:4)
  14 adders
  A shadow imp (D:6)
  An ufetubus (D:6)
  A worm (D:3)
  5 dart slugs
  8 endoplasms
  3 giant cockroaches
  6 goblins
  6 hobgoblins
  5 jackals
  8 kobolds
  7 quokkas
  5 ball pythons
  3 bats
  4 frilled lizards
  7 rats
122 creatures vanquished.

Vanquished Creatures (others)
  4 plants (D:4)
4 creatures vanquished.

Grand Total: 126 creatures vanquished

Notes
Turn   | Place    | Note
-------+----------+-------------------------------------------
     0 | D:1      | Timinator the Gnoll Monk began the quest for the Orb.
     0 | D:1      | Reached XP level 1. HP: 23/23 MP: 1/1
   290 | D:1      | Reached XP level 2. HP: 23/29 MP: 2/2
   853 | D:1      | Reached XP level 3. HP: 33/35 MP: 3/3
  1170 | D:1      | Found a faded altar of an unknown god.
  1410 | D:2      | Reached skill level 1 in Invocations
  1618 | D:2      | Reached skill level 1 in Long Blades
  1618 | D:2      | Reached skill level 1 in Axes
  1618 | D:2      | Reached skill level 1 in Maces & Flails
  1618 | D:2      | Reached skill level 1 in Polearms
  1618 | D:2      | Reached skill level 1 in Staves
  1618 | D:2      | Reached skill level 1 in Ranged Weapons
  1618 | D:2      | Reached skill level 1 in Throwing
  1618 | D:2      | Reached skill level 1 in Armour
  1618 | D:2      | Reached skill level 1 in Shields
  1618 | D:2      | Reached skill level 1 in Unarmed Combat
  1618 | D:2      | Reached skill level 1 in Spellcasting
  1618 | D:2      | Reached skill level 1 in Evocations
  1645 | D:2      | Found Voadi's Assorted Antiques.
  1653 | D:2      | Bought a scroll labelled VEODOOS CERUMOW for 26 gold pieces
  1748 | D:2      | Reached XP level 4. HP: 41/41 MP: 5/5
  1997 | D:3      | Noticed a phantom
  2045 | D:3      | Killed a phantom
  2046 | D:3      | Reached skill level 1 in Conjurations
  2046 | D:3      | Reached skill level 1 in Hexes
  2046 | D:3      | Reached skill level 1 in Summonings
  2046 | D:3      | Reached skill level 1 in Necromancy
  2046 | D:3      | Reached skill level 1 in Translocations
  2046 | D:3      | Reached skill level 1 in Transmutations
  2046 | D:3      | Reached skill level 1 in Fire Magic
  2046 | D:3      | Reached skill level 1 in Ice Magic
  2046 | D:3      | Reached skill level 1 in Air Magic
  2046 | D:3      | Reached skill level 1 in Earth Magic
  2046 | D:3      | Reached skill level 1 in Poison Magic
  2046 | D:3      | Reached XP level 5. HP: 27/47 MP: 5/7
  2335 | D:3      | Found a snail-covered altar of Cheibriados.
  2443 | D:3      | Found a white marble altar of Elyvilon.
  2443 | D:3      | Found a broken altar of Ashenzari.
  2449 | D:3      | Found a sparkling altar of Nemelex Xobeh.
  2454 | D:3      | Found a bloodstained altar of Trog.
  2456 | D:3      | Found an ancient bone altar of Kikubaaqudgha.
  2465 | D:3      | Became a worshipper of Nemelex Xobeh the Trickster
  2465 | D:3      | Reached * piety under Nemelex Xobeh
  2465 | D:3      | Received a gift from Nemelex Xobeh
  2465 | D:3      | Reached ** piety under Nemelex Xobeh
  2635 | D:3      | Received a gift from Nemelex Xobeh
  2753 | D:3      | Found a shimmering altar of Xom.
  2775 | D:3      | Reached XP level 6. HP: 36/53 MP: 8/8
  3260 | D:4      | Reached XP level 7. HP: 52/60 MP: 10/10
  3319 | D:4      | Found a shimmering blue altar of Sif Muna.
  3508 | D:4      | Reached skill level 5 in Stealth
  3641 | D:4      | Found a radiant altar of Vehumet.
  3703 | D:4      | Found a staircase to the Ecumenical Temple.
  3871 | D:5      | Entered Level 5 of the Dungeon
  3927 | D:5      | Reached XP level 8. HP: 64/67 MP: 12/12
  4040 | D:5      | Reached *** piety under Nemelex Xobeh
  4224 | D:5      | Killed an unseen horror
  4808 | D:6      | Received a gift from Nemelex Xobeh
  4820 | D:6      | Reached XP level 9. HP: 73/73 MP: 14/14
  5314 | D:6      | Slain by a wight

Illustrated notes

Levels and vault maps discovered:
D:1:      dpeg_arrival_signposts, layout_loops_ring,
          shapermc_ecumenical_altar_venn
D:2:      layout_basic, serial_shops, nicolae_shop_crystal
D:3:      layout_basic, chequers_temple_overflow_minitemple, slow_altar_1,
          led_xom_imps, corexii_item_surrounded_by_moat
D:4:      layout_basic, mainiacjoe_overflow_tiny_flanked,
          mainiacjoe_overflow_chevrons, temple_fountains, minmay_three_crescents
D:5:      layout_rooms, minmay_manual_moon
D:6:      layout_basic, nicolae_ru_path_of_blood, minmay_manual_monstrance

Skill      XL: |  1  2  3  4  5  6  7  8  9 |
---------------+----------------------------+-----
Invocations    | 1 2 3 4 |  4.9
Long Blades    | 1 2 3 4 |  4.4
Axes           | 1 2 3 4 |  4.4
Maces & Flails | 1 2 3 4 |  4.4
Polearms       | 1 2 3 4 |  4.4
Staves         | 1 2 3 4 |  4.4
Ranged Weapons | 1 2 3 4 |  4.7
Throwing       | 1 2 3 4 |  4.4
Armour         | 1 2 3 4 |  4.4
Shields        | 1 2 3 4 |  4.4
Unarmed Combat | 1 2 3 4 |  4.4
Spellcasting   | 1 2 3 4 |  4.4
Evocations     | 1 2 3 4 |  4.4
Conjurations   | 1 2 3 |  3.6
Hexes          | 1 2 3 |  3.6
Summonings     | 1 2 3 |  3.6
Necromancy     | 1 2 3 |  3.6
Translocations | 1 2 3 |  3.6
Transmutations | 1 2 3 |  3.6
Fire Magic     | 1 2 3 |  3.6
Ice Magic      | 1 2 3 |  3.6
Air Magic      | 1 2 3 |  3.6
Earth Magic    | 1 2 3 |  3.6
Poison Magic   | 1 2 3 |  3.6
Fighting       | 7 8 |  8.0
Short Blades   | 7 8 |  8.0
Dodging        | 7 8 |  8.4
Stealth        | 5 6 |  6.2

Action                   |  1- 3 |  4- 6 |  7- 9 || total
-------------------------+-------+-------+-------++-------
Melee: Short sword       |    66 |    66 |   221 ||   353
       Bite              |    12 |    14 |    14 ||    40
       Dagger            |    78 |    70 |       ||   148
       Punch             |     1 |     2 |     9 ||    12
Throw: Javelin           |       |     6 |    11 ||    17
       Dart              |       |       |     6 ||     6
Invok: Draw Destruction  |       |       |     2 ||     2
  Use: Scroll            |       |     5 |     7 ||    12
       Potion            |       |       |     5 ||     5
 Stab: Sleeping          |     5 |     5 |     6 ||    16
       Distracted        |       |       |     1 ||     1
Armor: Robe              |    15 |       |       ||    15
       Leather armour    |     5 |    13 |    11 ||    29
       Skin              |       |       |    21 ||    21
       Ring mail         |       |       |     2 ||     2
Dodge: Dodged            |    70 |    56 |    81 ||   207
Block: Other             |       |     6 |    29 ||    35
       Reflection        |       |       |     1 ||     1
